Cogmind - Beta 10.2 @@@ ROGUE MODE // 2021.01.03 @ 22:31:25 Player: cptwinky Result: Destroyed by P1-3CE with P1-3CE's Gatling Flakker Performance ------------- Evolutions (1) 500 Regions Visited (6) 1200 Robots Destroyed (91) 455 Value Destroyed (2119) 2119 Prototype IDs (32) 640 Alien Tech Used (0) 0 Bonus (468) 468 TOTAL SCORE: 5382 Bonus ------- High Alert Combat Kills 136 Follower Combat Kills 32 Aligned with FarCom 300 Cogmind --------- Core Integrity 0/400 Matter 252/300 Energy 98/100 System Corruption 0% Temperature Cool (12) Movement Core (700) Ox13 Location -8/Mines Parts ------- > --- POWER (1) -------- (None) > --- PROPULSION (2) --- (None) > --- UTILITY (4) ------ High-capacity Storage Unit Improved Weapon Shielding > --- WEAPON (2) ------- Advanced Beam Cannon Flak Gun > --- INVENTORY (12) --- Light Treads Improved Treads Large Storage Unit High-capacity Battery (400) Structural Scanner Experimental Sensor Array Improved Weapon Shielding Improved Weapon Shielding Hacking Suite Advanced Beam Cannon Datajack EMP Trap Peak State ------------ > --- POWER ------------ Cooled Ion Engine > --- PROPULSION ------- Armored Huge Wheel > --- UTILITY ---------- High-capacity Storage Unit Humpback Improved Shield Generator > --- WEAPON ----------- Improved Assault Rifle Improved Assault Rifle > --- INVENTORY -------- Ion Engine Light Treads Light Treads Light Treads Improved Treads Cooling System Large Storage Unit Large Storage Unit High-capacity Battery High-capacity Battery Structural Scanner Experimental Sensor Array Modified TNC Improved Weapon Shielding Improved Weapon Shielding Improved Weapon Shielding Hardened Light Armor Plating Hacking Suite Trap Extractor Latent Energy Streamer Advanced Beam Cannon Advanced Beam Cannon Flak Gun Mini Grenade Launcher Mini Grenade Launcher Datajack EMP Trap EMP Trap EMP Trap EMP Trap [Rating: 31] Favorites ----------- Power Cooled Ion Engine Engine Cooled Ion Engine Propulsion Light Treads Treads Light Treads Wheel Armored Huge Wheel Utility Large Storage Unit Device Structural Scanner Storage Large Storage Unit Protection Hardened Light Armor Plating Weapon Heavy EM Pulse Gun Energy Gun Heavy EM Pulse Gun Energy Cannon Light EM Pulse Cannon Ballistic Gun Improved Assault Rifle Ballistic Cannon Light Cannon Launcher Mini Grenade Launcher Special Melee Weapon Datajack Build | -11 -10 -10 -9 -9 -9 -8 ------- Run | Scr Mat Min Mat Min Exi Min Slots Evolved 2 | . . . 2 . . . Power . | . . . . . . . Propulsion . | . . . . . . . Utility 2 | . . . 2 . . . Weapon . | . . . . . . . Parts Attached 92 | 8 20 4 47 5 2 6 Power 10 | 3 1 . 6 . . . Engine 10 | 3 1 . 6 . . . Core . | . . . . . . . Reactor . | . . . . . . . Propulsion 16 | 2 3 . 10 1 . . Treads 15 | 2 3 . 10 . . . Leg . | . . . . . . . Wheel 1 | . . . . 1 . . Hover . | . . . . . . . Flight . | . . . . . . . Utility 23 | 1 7 . 11 . 2 2 Device 6 | . . . 5 . 1 . Storage 10 | 1 6 . 2 . 1 . Processor . | . . . . . . . Hackware . | . . . . . . . Protection 7 | . 1 . 4 . . 2 Artifact . | . . . . . . . Weapon 43 | 2 9 4 20 4 . 4 Energy Gun 16 | . 6 2 8 . . . Energy Cannon 6 | . . . 4 1 . 1 Ballistic Gun 7 | 2 . . 1 2 . 2 Ballistic Cannon 2 | . 2 . . . . . Launcher 11 | . 1 2 6 1 . 1 Special Weapon . | . . . . . . . Impact Weapon . | . . . . . . . Slashing Weapon . | . . . . . . . Piercing Weapon . | . . . . . . . Special Melee Weapon 1 | . . . 1 . . . Unidentified Prototypes 2 | . . . 2 . . . Parts Lost 11 | . 2 . 1 1 . 7 Power 2 | . . . 1 . . 1 Propulsion 1 | . . . . . . 1 Utility 3 | . . . . . . 3 Weapon 5 | . 2 . . 1 . 2 Highest Loss Streak 7 | . 2 . 1 1 . 7 Average Slot Usage (%) 93 | . 98 100 97 94 77 77 Engine 11 | . 14 14 10 11 11 11 Treads 17 | . 27 28 22 11 . . Wheel 2 | . . . . 5 11 11 Device 4 | . . . 5 . 9 9 Storage 24 | . 25 28 22 33 22 22 Protection 8 | . 2 . 13 11 1 1 Energy Gun 11 | . 18 26 14 . . . Energy Cannon 2 | . . . 4 8 . . Ballistic Gun 6 | . 5 . . 13 22 20 Launcher 1 | . . 1 2 . . . Naked Turns . | . . . . . . . Heaviest Build 131 | 10 43 43 85 85 131 130 Greatest Support 40 | 40 40 40 40 40 28 28 Greatest Overweight (x) 4 | . 1 1 2 2 4 4 Average Overweight (x) 1 | . . 1 1 2 3 4 Largest Inventory Capacity 32 | 6 16 16 24 24 32 32 Average Capacity 19 | 5 11 16 16 24 31 31 Most Carried 31 | 5 13 14 23 24 31 31 Average Carried 17 | 2 10 13 16 23 27 30 Final Capacity 32 | 6 16 16 24 24 32 12 Final Carried 31 | 5 13 14 23 24 31 12 Class Distribution -------------------- 62% | Mutant 28% | Hauler-Mutant 9% | Trapper-Mutant Dominant Class ---------------- Mutant | -10/Materials Mutant | -10/Mines Mutant | -9/Materials Hauler-Mutant | -9/Mines Hauler-Mutant | -9/Exiles Trapper-Mutant | -8/Mines Resources | -11 -10 -10 -9 -9 -9 -8 ----------- Run | Scr Mat Min Mat Min Exi Min Matter Collected 1547 | 284 452 76 577 64 . 94 Remotely . | . . . . . . . Salvage Created 2743 | 56 674 65 1656 150 . 142 Parts 188 | 1 51 7 108 12 . 9 Haulers Intercepted 8 | . 2 . 6 . . . Recyclers Shooed 1 | . . 1 . . . . Parts Field Recycled . | . . . . . . . Retrieved Matter . | . . . . . . . Parts Self-Destructed . | . . . . . . . Prevented . | . . . . . . . Kills | -11 -10 -10 -9 -9 -9 -8 ------- Run | Scr Mat Min Mat Min Exi Min Combat Hostiles Destroyed 66 | . 15 5 36 6 . 4 Guns 29 | . 7 1 16 1 . 4 Cannons 8 | . 5 . 1 2 . . AOE 28 | . 3 4 18 3 . . Classes Destroyed 13 | 1 6 . 5 1 . . Worker 1 | . 1 . . . . . Builder 1 | . . . 1 . . . Tunneler 1 | . . . 1 . . . Hauler 8 | . 2 . 6 . . . Recycler 3 | 1 . . 1 . . 1 Mechanic 1 | . . . 1 . . . Operator 2 | . 1 . 1 . . . Watcher 8 | . 3 . 5 . . . Swarmer 26 | . 3 3 13 3 . 4 Grunt 29 | . 12 2 13 2 . . Brawler 1 | . . . 1 . . . Duelist 1 | . . . . 1 . . Sentry 9 | . . . 9 . . . Best Kill Streak 5 | 1 5 3 5 3 . 4 Combat Bots Only 5 | . 5 3 4 3 . 4 Max Kills in Single Turn 5 | 1 3 2 5 3 . 1 Gunslinging 1 | . . . 1 . . . Exploded 4 | . 2 2 4 3 . . Melee . | . . . . . . . Uniques/NPCs Destroyed . | . . . . . . . Combat | -11 -10 -10 -9 -9 -9 -8 -------- Run | Scr Mat Min Mat Min Exi Min Damage Taken 3743 | . 759 88 890 335 . 1671 Core 546 | . 131 13 102 11 . 289 Absorbed by Shields 202 | . . . . . . 202 Core Remaining (%) 71 | 100 . 42 . . . . Volleys Fired 181 | 1 65 6 82 8 6 13 Largest 2 | 2 2 1 2 2 1 2 Hottest 112 | 40 90 45 112 112 23 96 Shots Fired 314 | 2 111 6 148 15 6 26 Gun 256 | 2 92 2 126 3 6 25 Cannon 39 | . 17 . 10 11 . 1 Launcher 19 | . 2 4 12 1 . . Special . | . . . . . . . Kinetic 122 | 2 86 . . 3 6 25 Thermal 12 | . 11 . . . . 1 Explosive 19 | . 2 4 12 1 . . Electromagnetic 161 | . 12 2 136 11 . . Robot Hit Streak 24 | 1 12 4 10 6 . 24 Robot Miss Streak 5 | . 4 1 5 2 . 2 Penetration Max . | . . . . . . . Secondary Targets 6 | . 2 . 2 . . 2 Max Gunslinging Chain 1 | . 1 . 1 . . 1 Shots Hit Robots 207 | 1 78 2 94 10 . 22 Core Hits 125 | 1 35 8 66 7 . 8 Critical Hits 2 | 1 1 . . . . . Critical Kills 2 | 1 1 . . . . . Critical Parts Destroyed . | . . . . . . . Melee Attacks 1 | . . . 1 . . . Impact . | . . . . . . . Slashing . | . . . . . . . Piercing . | . . . . . . . Sneak Attacks 1 | . . . 1 . . . Combat Hostiles 1 | . . . 1 . . . Follow-up Attacks . | . . . . . . . Damage Inflicted 5268 | 9 1210 382 2929 357 . 381 Guns 2403 | 9 719 13 1266 32 . 364 Cannons 577 | . 234 . 146 180 . 17 Explosions 2246 | . 248 368 1485 145 . . Melee . | . . . . . . . Ramming 42 | . 9 1 32 . . . Kinetic 1175 | 9 770 . . 32 . 364 Thermal 385 | . 97 . 271 . . 17 Explosive 1975 | . 248 368 1214 145 . . Electromagnetic 1691 | . 86 13 1412 180 . . Impact . | . . . . . . . Slashing . | . . . . . . . Piercing . | . . . . . . . Highest Corruption . | . . . . . . . Average Corruption . | . . . . . . . Corruption Purged . | . . . . . . . Overload Shots . | . . . . . . . Overflow Damage 52 | . 17 23 12 . . . Projectiles 7 | . 7 . . . . . Explosions 45 | . 10 23 12 . . . Melee . | . . . . . . . Knockbacks 4 | . 4 . . . . . Impact . | . . . . . . . Kinetic 3 | . 3 . . . . . Secondary 1 | . 1 . . . . . Self-Inflicted Damage 48 | . . 19 29 . . . Shots 4 | . . 2 2 . . . Rammed 9 | . 3 1 5 . . . Targets Rammed 9 | . 3 1 5 . . . Kicked . | . . . . . . . Crushed . | . . . . . . . Highest Temperature 283 | . 114 8 234 283 . 12 Average Temperature 50 | . 27 4 50 137 . 8 Received Heat Transfer 735 | . 405 6 240 84 . . Siege Activations . | . . . . . . . Robots Corrupted 2 | . . . 2 . . . Combat Hostiles 1 | . . . 1 . . . Parts Fried 13 | . . . 11 2 . . Impact Corruptions . | . . . . . . . Robots Melted . | . . . . . . . Combat Hostiles . | . . . . . . . Parts Melted . | . . . . . . . Heat Transferred 534 | . 225 . 300 . . 9 Parts Sabotaged . | . . . . . . . Parts Stolen . | . . . . . . . Parts Stripped . | . . . . . . . Power Chain Reactions 4 | . . . 4 . . . Missiles Intercepted . | . . . . . . . Alert | -11 -10 -10 -9 -9 -9 -8 ------- Run | Scr Mat Min Mat Min Exi Min Peak Influence 727 | 5 211 143 727 365 . 140 Initial 220 | . 3 23 55 220 . . Average 280 | . 84 121 405 243 . 115 Maximum Alert Level 3 | . 1 . 3 1 . . Low Security (%) 57 | 100 98 100 36 41 . 100 Level 1 12 | . 1 . 8 58 . . Level 2 29 | . . . 53 . . . Level 3 . | . . . . . . . Level 4 . | . . . . . . . Level 5 . | . . . . . . . High Security . | . . . . . . . Max Security . | . . . . . . . Squads Dispatched 9 | . 4 . 4 1 . . Investigation 5 | . 3 . 1 1 . . Extermination . | . . . . . . . Reinforcement 3 | . 1 . 2 . . . Assault 1 | . . . 1 . . . Garrison . | . . . . . . . Intercept . | . . . . . . . Construction Impeded . | . . . . . . . Haulers Reinforced . | . . . . . . . Stealth | -11 -10 -10 -9 -9 -9 -8 --------- Run | Scr Mat Min Mat Min Exi Min Distress Signals 5 | . 3 . 2 . . . Communications Jammed . | . . . . . . . Distress Signals . | . . . . . . . Times Spotted 100 | . 28 5 56 6 . 5 Peak Tracking Total 9 | . 8 3 7 3 9 5 Tactical Retreats 6 | . 3 . 2 1 . . Traps | -11 -10 -10 -9 -9 -9 -8 ------- Run | Scr Mat Min Mat Min Exi Min Traps Triggered 1 | . 1 . . . . . Indirectly . | . . . . . . . Trap Hack Attempts . | . . . . . . . Triggered . | . . . . . . . Disarmed 6 | . . . 6 . . . Reprogrammed 4 | . . . 4 . . . Reused . | . . . . . . . Traps Extracted 4 | . . . 4 . . . Installed . | . . . . . . . Triggered . | . . . . . . . Machines | -11 -10 -10 -9 -9 -9 -8 ---------- Run | Scr Mat Min Mat Min Exi Min Machines Disabled 14 | . 3 . 4 . 4 3 Max in Single Turn 2 | . 1 . 1 . 1 2 Machines Sabotaged . | . . . . . . . Garrisons Compromised . | . . . . . . . Overloaded Fab Kills . | . . . . . . . Fab Network Shutdowns . | . . . . . . . Hacking | -11 -10 -10 -9 -9 -9 -8 --------- Run | Scr Mat Min Mat Min Exi Min Machines Accessed 25 | . 9 . 13 1 2 . Terminals 16 | . 6 . 10 . . . Fabricators . | . . . . . . . Repair Stations 3 | . 1 . 2 . . . Recycling Units 2 | . 2 . . . . . Scanalyzers 1 | . . . 1 . . . Garrison Access . | . . . . . . . Total Hacks 78 | . 26 . 49 1 2 . Successful 54 | . 21 . 30 1 2 . Failed 24 | . 5 . 19 . . . Catastrophic 1 | . . . 1 . . . Database Lockouts . | . . . . . . . Manual 33 | . 11 . 21 . 1 . Terminals 48 | . 15 . 33 . . . Fabricators . | . . . . . . . Repair Stations 13 | . 7 . 6 . . . Recycling Units 4 | . 4 . . . . . Scanalyzers 10 | . . . 10 . . . Garrison Access . | . . . . . . . Terminal Hacks 25 | . 11 . 11 1 2 . Record 1 | . . . . . 1 . Part Schematic 2 | . 1 . 1 . . . Robot Analysis 3 | . 2 . 1 . . . Prototype ID Bank 4 | . 1 . 3 . . . Open Door 1 | . . . . 1 . . Terminal Index 1 | . 1 . . . . . Alert Level 1 | . 1 . . . . . Unreport Threat 3 | . 1 . 2 . . . Locate Traps 2 | . 2 . . . . . Disarm Traps 1 | . . . 1 . . . Reprogram Traps 1 | . . . 1 . . . Hauler Manifests 2 | . 1 . 1 . . . Zone Layout 2 | . 1 . 1 . . . EX-Prototype ID Bank 1 | . . . . . 1 . Fabricator Hacks . | . . . . . . . Repair Station Hacks 11 | . 6 . 5 . . . Scan Component 6 | . 3 . 3 . . . Repair 5 | . 3 . 2 . . . Recycling Unit Hacks 2 | . 2 . . . . . Retrieve Components 2 | . 2 . . . . . Scanalyzer 9 | . . . 9 . . . Insert Component 4 | . . . 4 . . . Analyze 5 | . . . 5 . . . Garrison Access Hacks . | . . . . . . . Unauthorized Hacks 7 | . 2 . 5 . . . Terminals 4 | . . . 4 . . . Track 1 | . . . 1 . . . Botnet 2 | . . . 2 . . . Disrupt 1 | . . . 1 . . . Fabricators . | . . . . . . . Repair Stations . | . . . . . . . Recycling Units 2 | . 2 . . . . . Tunnel 2 | . 2 . . . . . Scanalyzers 1 | . . . 1 . . . Extract 1 | . . . 1 . . . Garrison Access . | . . . . . . . Data Cores Recovered . | . . . . . . . Used . | . . . . . . . Hacking Detections 17 | . 4 . 13 . . . Full Trace Events 1 | . . . 1 . . . Feedback Events . | . . . . . . . Feedback Blocked . | . . . . . . . Robot Schematics Acquired . | . . . . . . . Robots Built . | . . . . . . . Matter . | . . . . . . . Time . | . . . . . . . Total Robot Build Rating . | . . . . . . . Part Schematics Acquired 9 | . 1 . 8 . . . Parts Built . | . . . . . . . Matter . | . . . . . . . Time . | . . . . . . . Total Part Build Rating . | . . . . . . . Parts Repaired 5 | . 3 . 2 . . . Time 184 | . 78 . 106 . . . Parts Recycled . | . . . . . . . Recycled Matter . | . . . . . . . Retrieved Matter . | . . . . . . . Retrieved Components 17 | . 17 . . . . . Parts Scanalyzed 4 | . . . 4 . . . Part Schematics Acquired 4 | . . . 4 . . . Parts Damaged . | . . . . . . . Bothacking | -11 -10 -10 -9 -9 -9 -8 ------------ Run | Scr Mat Min Mat Min Exi Min Used RIF Installer . | . . . . . . . Robots Hacked . | . . . . . . . Non-combat . | . . . . . . . Combat . | . . . . . . . Robot Hacks Applied . | . . . . . . . Relay Couplers Released . | . . . . . . . Robots Rewired 1 | . . . 1 . . . Allies Hacked . | . . . . . . . Hacks Repelled . | . . . . . . . Allies | -11 -10 -10 -9 -9 -9 -8 -------- Run | Scr Mat Min Mat Min Exi Min Total Allies 3 | . . . 1 2 . . Largest Group 2 | . . . 1 2 2 . Highest-Rated Group 45 | . . . 15 45 45 . Highest-Rated Ally 31 | . . . 15 31 31 . Total Orders . | . . . . . . . Ally Attacks 7 | . . . 7 . . . Total Damage 151 | . . . 151 . . . Kills 2 | . . . 2 . . . Allies Corrupted . | . . . . . . . Allies Melted . | . . . . . . . Intel | -11 -10 -10 -9 -9 -9 -8 ------- Run | Scr Mat Min Mat Min Exi Min Robot Analysis Total 3 | . 2 . 1 . . . Derelict Logs Recovered 2 | . . 1 . 1 . . Drone Launches . | . . . . . . . Drone Recoveries . | . . . . . . . Exploration | -11 -10 -10 -9 -9 -9 -8 ------------- Run | Scr Mat Min Mat Min Exi Min Turns Passed 6763 | 88 1386 232 3036 678 1210 133 Spaces Moved 3346 | 47 637 117 1291 397 831 26 Core 5 | 5 . . . . . . Treads 2256 | 42 637 117 1291 169 . . Legs . | . . . . . . . Wheels 1085 | . . . . 228 831 26 Hover . | . . . . . . . Flight . | . . . . . . . Fastest Speed 50 | 50 160 180 180 120 110 140 Average Speed 162 | 148 162 180 181 154 137 140 Slowest Speed 200 | 160 180 180 200 200 140 140 Overloaded Moves . | . . . . . . . Propulsion Burnouts . | . . . . . . . Robots Hopped . | . . . . . . . Cave-ins Triggered . | . . . . . . . Exploration Rate (%) 51 | 3 86 29 97 64 70 8 Regions Visited 6 Branch Regions 4 Pre-discovered Areas 4 | . 2 1 . . 1 . Known Exits Taken . | . . . . . . . Unknown Exits Taken 6 | 1 1 1 1 1 1 . Scrap Searched 2 | . . 1 . 1 . . Spaces Dug 26 | . . 11 15 . . . Terrain Destroyed 133 | . 7 25 95 6 . . Melee . | . . . . . . . Projectile . | . . . . . . . AOE 133 | . 7 25 95 6 . . Terrain Rammed . | . . . . . . . Walls Destroyed . | . . . . . . . Machines Disabled . | . . . . . . . Actions | -11 -10 -10 -9 -9 -9 -8 --------- Run | Scr Mat Min Mat Min Exi Min Total 4342 | 60 885 130 1829 448 894 96 Wait 599 | 1 133 2 349 33 31 50 Move 3340 | 46 636 116 1290 396 830 26 Hop . | . . . . . . . Pick Up 65 | 4 15 1 22 2 21 . Fast Attach 24 | 6 8 . 8 1 1 . Attach 9 | . 3 . 1 1 . 4 Detach 3 | . . . 1 2 . . Swap 59 | 2 9 4 38 3 1 2 Drop 52 | . 13 . 32 2 4 1 Fire 181 | 1 65 6 82 8 6 13 Melee 1 | . . . 1 . . . Ram . | . . . . . . . Kick . | . . . . . . . Crush 9 | . 3 1 5 . . . Escape Stasis . | . . . . . . . Rewire . | . . . . . . . Trap . | . . . . . . . Miscellaneous . | . . . . . . . Route ------- -11/Scrapyard -10/Materials (discovered 4 exits: *Mat x3 / [*Min]) -10/Mines -9/Materials (discovered 5 exits: [*Mat x3] / *Min x2) -9/Mines (discovered 2 exits: [*Mat] / *Exi) -9/Exiles (discovered 2 exits: [*Min x2]) -8/Mines History --------- Turn | Location | Event 3 | -11/Scrapyard | Discovered new exit (range 15) 89 | -11/Scrapyard | Entered Materials 319 | -10/Materials | Build established: Mutant 552 | -10/Materials | Discovered new exit (range 9) 914 | -10/Materials | Discovered new exit (range 17) 1053 | -10/Materials | Discovered new exit (range 15) 1141 | -10/Materials | Core integrity fell below 50% 1165 | -10/Materials | Discovered new exit (range 13) 1207 | -10/Materials | Repaired Lgt. Treads 1235 | -10/Materials | Repaired Lgt. Treads 1263 | -10/Materials | Repaired Lgt. Treads 1475 | -10/Materials | Entered Mines 1508 | -10/Mines | Learned location of Zion (-7) 1517 | -10/Mines | Found a damaged Exp. Sensor Array with a note attached 1521 | -10/Mines | Found Prototype Device 1626 | -10/Mines | Discovered new exit (range 10) 1707 | -10/Mines | Entered Materials 1707 | -9/Materials | Evolved 2 slots: Utility x2 1731 | -9/Materials | Discovered new exit (range 13) 2334 | -9/Materials | Identified Exp. Sensor Array 2648 | -9/Materials | Discovered new exit (range 16) 3001 | -9/Materials | Discovered new exit (range 12) 3665 | -9/Materials | Discovered new exit (range 16) 3707 | -9/Materials | First assault squad dispatched 3950 | -9/Materials | Repaired Exp. Sensor Array 3977 | -9/Materials | Repaired Ion Engine 4481 | -9/Materials | Discovered new exit (range 16) 4743 | -9/Materials | Entered Mines 4792 | -9/Mines | Build established: Hauler-Mutant 4793 | -9/Mines | Learned Materials stockpile data 4807 | -9/Mines | Discovered new exit (range 9) 5098 | -9/Mines | Met a Derelict shopkeep closing up shop 5307 | -9/Mines | Deemed a non-threat by the Exiles lab entrance 5401 | -9/Mines | Discovered new exit (range 5) 5421 | -9/Mines | Entered Exiles 5421 | -9/Exiles | Accompanied by 2 allies 5443 | -9/Exiles | Discovered new exit (range 15) 5451 | -9/Exiles | Led the pair of lost Derelicts to a safe place 5456 | -9/Exiles | Met 8R-AWN 5473 | -9/Exiles | Met EX-HEX 5611 | -9/Exiles | Met EX-DEC 5766 | -9/Exiles | Met EX-BIN 5800 | -9/Exiles | Aligned with FarCom system 5801 | -9/Exiles | Given EX-Vault access code 5833 | -9/Exiles | Opened EX-Vault 5843 | -9/Exiles | Found Latent Energy Streamer 5876 | -9/Exiles | Warned to stay clear of 0b10 Research branches 6065 | -9/Exiles | Found Modified TNC 6513 | -9/Exiles | Discovered new exit (range 14) 6597 | -9/Exiles | Attacked by the Exiles 6631 | -9/Exiles | Entered Mines 6680 | -8/Mines | Build established: Trapper-Mutant 6735 | -8/Mines | P1-3CE came to Exiles' defense 6744 | -8/Mines | Core integrity fell below 50% 6755 | -8/Mines | Core integrity fell below 20% 6764 | -8/Mines | Destroyed by P1-3CE with P1-3CE's Gatling Flakker Last Messages --------------- 06738_ Knocked back. 06738_ R-06 Scavenger collects Lgt. Ion Engine. 06740_ K-01 Serf collects debris. 06740_ Dropped Hcp. Battery. 06741_ Extracted 264 energy. 06743_ Extracted 133 energy. 06743_ K-01 Serf collects debris. 06744_ Extracted 3 energy. 06745_ Imp. Shield Generator destroyed. 06747_ K-01 Serf collects debris. 06752_ Imp. Assault Rifle destroyed. 06754_ Hrd. Light Armor Plating destroyed. 06757_ K-01 Serf collects debris. 06759_ Knocked back. 06759_ Imp. Assault Rifle destroyed. 06760_ Humpback destroyed. 06760_ Knocked back. 06760_ Arm. Huge Wheel destroyed. 06760_ Cld. Ion Engine destroyed. 06762_ K-01 Serf collects debris. Map ----- +----------------------------------------------------+ | | | | | | | | | | | | | | | | | | | | | | | | | | | | | | | | | | | | | | | ??????????????????????????????????????? | | ??????????????????????????????????????? | | ??????????????????????????????????????? | | ??????????????????????????????????????? | | ???????????????????????##?????????????? | | ???????????????????????#!##???????????? | | ???????????????????????#&@#???????????? | | ???????????????????????#]!############? | | ???????????????????????#!!]* #? | | ???????????????????????##=&& #? | | ????????????????????????#** = #? | | ????????????????????????# """=""" #? | | ??????????????? ######Mk ""[[["" #? | | ?????????????????? """%""" #? | | ???????????????????? #### % #? | | ????????????????????????# " " #? | | ????????????????????????# """ #? | | ????????????????????????# """ #? | | ????????????????????????# #? | | ????????????????????????# #? | | ????????????????????????##############? | | ??????????????????????????????????????? | | ??????????????????????????????????????? | | ??????????????????????????????????????? | | ??????????????????????????????????????? | | ??????????????????????????????????????? | | ??????????????????????????????????????? | | ??????????????????????????????????????? | | ??????????????????????????????????????? | | ??????????????????????????????????????? | | ??????????????????????????????????????? | +----------------------------------------------------+ Best States ------------- Heat Dissipation 28 Energy Generation 14 Energy Capacity 280 Matter Stores 300 Matter Capacity 300 Sight Range 16 Terrain Scan Density 10 Armor Coverage 150 Weapon Shielding 66 Evasion (%) 40 Recoil Reduction 2 Item Schematics ----------------- Hcp. Storage Unit | -10/Materials | Hacked Armor Integrity Analyzer | -9/Materials | Hacked Exp. Sensor Array | -9/Materials | Scanalyzed Trap Extractor | -9/Materials | Scanalyzed Structural Scanner | -9/Materials | Scanalyzed Imp. Treads | -9/Materials | Scanalyzed Utility Shielding | -9/Materials | Extracted EM Shotgun | -9/Materials | Extracted Med. Storage Unit | -9/Materials | Extracted Robot Schematics ------------------ None Fabricated ------------ Nothing Alien Tech Used ----------------- None Achievements -------------- None Challenges ------------ None Game ------ Seed ChainLegBattery Manual? 0 Play Time 00:32:05 Cumulative 730.6 hours Start 2021.01.03 @ 21:59:47 End 2021.01.03 @ 22:31:25 Sessions 1 Manual Loads 0 Difficulty Rogue Special Mode None Game No. 525 Rogue 521 Adventurer 4 Explorer 0 Win Type - Total 80 Types 63/7/3/3/2/0/0/1/1 Lore% 94 Gallery% 97 Achievement% 96 Wizard Run 0 Options --------- ASCII 0 Keyboard 1 Movement Vi Keybinds 0 Fullscreen 0 Font 16/Terminus Map View 76x50 Tactical HUD 1 Map Filters NONE Filters NONE Steam 1 RUN: 053b2bb4-25d9-445b-a10a-cfc920057d82